Map: Ulrena

Players

lesha - Winner!

  • Race: Terran Terran
  • League: Silver

BISU

  • Race: Protoss Protoss
  • League: Gold

VOD

Have the link to the VOD?

Description

Time

  • Played on: Jan. 2, 2016, 11:16 a.m.
  • Length: 13:49
Show
View Real Time Build Order
Export as new Build Order

lesha Terran - Winner!

Build Orders:  

Get SALT Encoding   

  12  0:01  SCV  
  13  0:13  SCV  
  14  0:20  Supply Depot  
  14  0:25  SCV  
  15  0:41  SCV  
  15  0:42  Barracks  
  16  0:51  Refinery  
  16  0:55  SCV  
  17  1:07  SCV  
  18  1:19  SCV  
  19  1:32  Orbital Command  
  19  1:34  Reaper  
  20  1:40  Supply Depot  
  20  2:00  SCV  
  21  2:02  Barracks  
  21  2:13  Command Center  
  21  2:21  Factory  
  22  2:22  SCV  
  22  2:34  Barracks Reactor  
  22  2:35  SCV  
  22  3:02  Barracks Tech Lab  
  22  3:05  SCV  
  23  3:07  Factory Tech Lab  
  23  3:14  Refinery  
  23  3:15  Barracks  
  23  3:17  SCV  
  24  3:20  Barracks  
  24  3:21  Supply Depot, Engineering Bay  
  24  3:29  SCV  
  24  3:30  Marine x2  
  24  3:33  Marauder  
  30  3:41  SCV  
  30  3:48  Marine x2  
  31  3:49  Siege Tank  
  35  4:00  Marauder  
  37  4:11  Marine x2  
  37  4:13  Barracks Reactor  
  37  4:15  Barracks Reactor  
  39  4:30  Marine x2  
  41  4:31  Factory Reactor  
  41  4:38  SCV  
  43  4:41  Orbital Command  
  42  4:50  SCV  
  43  4:53  Starport, Marine x5  
  43  4:54  Marine  
  49  5:03  Stimpack  
  49  5:04  SCV  
  50  5:12  SCV  
  50  5:13  Supply Depot  
  51  5:16  SCV  
  51  5:17  Marine x2  
  54  5:24  Supply Depot  
  54  5:34  SCV, Marine x4  
  54  5:35  Marauder  
  61  5:52  Medivac x2  
  61  5:54  Marine x5  
  70  6:01  Supply Depot  
  70  6:03  Supply Depot  
  70  6:04  Supply Depot  
  70  6:08  Supply Depot  
  70  6:21  SCV x2, Marine x6  
  70  6:22  Marauder, Widow Mine  
  70  6:23  Terran Infantry Weapons Level 1  
  82  6:39  Marine  
  83  6:50  Widow Mine  
  85  6:55  Marine x2  
  85  6:56  Marine x4  
  85  6:57  Marine  
  73  7:17  Marine  
  73  7:18  Marine x4  
  66  7:39  SCV x2  
  68  7:45  Marine x3  
  68  7:46  Missile Turret  
  68  7:49  Missile Turret  
  68  7:51  SCV x2  
  73  8:03  SCV x2  
  75  8:11  Missile Turret x2  
  75  8:15  SCV x2  
  75  8:18  Marine x3  
  71  8:59  Marine  
  71  9:00  SCV  
  71  9:01  SCV  
  74  9:13  SCV x2  
  71  9:25  SCV x2  
  73  9:34  Marine x6  
  73  9:35  Marine  
  73  9:37  SCV x2  
  78  9:49  SCV  
  78  9:50  SCV  
  78  9:52  Marine x4  
  84  9:53  Marine x3  
  87  10:01  SCV  
  87  10:02  SCV  
  88  10:09  Marine  
  88  10:10  Marine x2  
  88  10:14  SCV x2  
  91  10:47  SCV x2  
  93  10:59  SCV x2  
  90  11:11  SCV x2  
  90  11:23  SCV  
  91  11:32  Liberator x2  
  91  11:43  SCV x2  
  91  11:44  Marine x3  
  91  11:45  Marine x4  
  106  11:55  SCV  
  107  12:02  Marine x4  
  107  12:03  Marine x3  
  114  12:20  Marine x4  
  118  12:37  Command Center  
  118  12:57  Command Center  
  118  13:00  Command Center  
Show
View Real Time Build Order
Export as new Build Order

BISU Protoss 

Build Orders:  

Get SALT Encoding   

  12  0:03  Probe (Chrono Boost)  
  13  0:13  Probe (Chrono Boost)  
  14  0:20  Pylon  
  14  0:24  Probe (Chrono Boost)  
  15  0:39  Probe (Chrono Boost)  
  16  0:49  Probe (Chrono Boost)  
  17  1:00  Probe (Chrono Boost)  
  18  1:08  Nexus  
  18  1:10  Probe (Chrono Boost)  
  19  1:18  Gateway  
  19  1:22  Probe (Chrono Boost)  
  20  1:30  Assimilator  
  20  1:32  Probe (Chrono Boost)  
  21  1:41  Assimilator  
  21  1:44  Probe (Chrono Boost)  
  22  1:55  Probe (Chrono Boost)  
  23  2:08  Cybernetics Core  
  22  2:16  Pylon  
  22  2:19  Zealot (Chrono Boost)  
  22  2:20  Probe (Chrono Boost)  
  25  2:26  Probe (Chrono Boost)  
  25  2:29  Probe  
  26  2:38  Probe  
  26  2:48  Adept (Chrono Boost), Warp Gate  
  26  2:50  Mothership Core  
  29  3:04  Probe  
  29  3:11  Probe  
  31  3:13  Pylon  
  31  3:15  Probe  
  32  3:23  Assimilator  
  32  3:24  Probe  
  32  3:25  Probe  
  33  3:28  Pylon  
  34  3:36  Probe x2  
  36  3:41  Stargate  
  36  3:46  Probe, Stargate  
  36  3:48  Probe  
  38  3:57  Probe  
  38  3:58  Assimilator  
  38  4:00  Probe  
  40  4:08  Probe  
  41  4:12  Probe  
  41  4:14  Gateway  
  42  4:17  Pylon  
  42  4:18  Probe  
  43  4:24  Probe  
  43  4:26  Oracle  
  43  4:31  Oracle  
  50  4:34  Probe  
  50  4:38  Probe  
  52  4:44  Probe  
  52  4:49  Pylon  
  53  4:58  Forge  
  53  5:01  Probe, Oracle  
  53  5:05  Probe  
  53  5:06  Oracle  
  61  5:09  Stalker  
  61  5:12  Probe  
  64  5:33  Photon Cannon  
  64  5:36  Pylon  
  64  5:37  Oracle (Chrono Boost)  
  64  5:40  Stalker  
  64  5:41  Stalker  
  64  5:42  Oracle (Chrono Boost)  
  74  6:08  Gateway  
  74  6:10  Oracle (Chrono Boost)  
  74  6:11  Gateway  
  77  6:14  Oracle (Chrono Boost)  
  80  6:28  Stalker x2  
  84  6:35  Twilight Council  
  84  6:42  Nexus  
  84  6:43  Probe x2  
  84  6:45  Pylon  
  84  6:46  Pylon  
  86  7:03  Probe x2  
  88  7:15  Probe  
  71  7:36  Stalker x2  
  75  7:42  Probe x2  
  77  7:50  Void Ray x2 (Chrono Boost)  
  85  7:54  Probe x2  
  85  7:57  Pylon  
  87  8:05  Robotics Facility  
  87  8:06  Probe  
  87  8:08  Robotics Facility  
  87  8:09  Probe  
  89  8:14  Assimilator  
  89  8:17  Assimilator  
  89  8:19  Probe  
  89  8:22  Pylon  
  89  8:25  Pylon  
  90  8:28  Pylon  
  90  8:30  Stalker, Probe  
  54  8:53  Mothership Core  
  54  8:54  Stalker  
  54  8:55  Stalker x2  
  58  9:02  Photon Cannon  
  60  9:04  Pylon  
  68  9:11  Void Ray (Chrono Boost)  
  68  9:13  Photon Cannon  
  68  9:14  Photon Cannon  
  68  9:15  Void Ray (Chrono Boost), Photon Cannon  
  64  9:22  Photon Cannon  
  56  9:24  Photon Cannon  
  56  9:26  Adept x3  
  31  10:00  Gateway  
  31  10:02  Gateway  
  31  10:04  Gateway  
  19  10:32  Pylon  
  19  10:35  Forge  
  18  11:00  Nexus  
  1  11:23  Nexus  
Tags
 
Add a new tag
Caveats
  • Supply blocks, unpowered buildings, or Contaminate may cause inaccurate times.
  • Supply counts are checked every 10 seconds.